 Dungeon Crawl Stone Soup version 0.23.2-40-g277498a001 (webtiles) character file.

Game seed: 17743238486346797481

32 Pyrotika the Sneak (level 3, 0/18 HPs)
             Began as a Spriggan Assassin on Oct 5, 2019.
             Killed by nerve-wracking pain
             ... invoked by Jessica
              (3 damage)
             ... on level 1 of the Dungeon.
             The game lasted 00:02:42 (1719 turns).

Pyrotika the Sneak (Spriggan Assassin)              Turns: 1719, Time: 00:02:43

Health: 0/18       AC:  3    Str:  7    XL:     3   Next: 8%
Magic:  4/4        EV: 18    Int: 12    God:
Gold:   62         SH:  0    Dex: 18    Spells: 2/2 levels left

rFire    . . .     SeeInvis +   a - +2 dagger
rCold    . . .     Gourm    .   (shield restricted)
rNeg     . . .     Faith    .   c - +0 robe
rPois    .         Spirit   .   (helmet restricted)
rElec    .         Reflect  .   d - +0 cloak
rCorr    .         Harm     .   (gloves unavailable)
MR       .....                  (boots unavailable)
Stlth    ++++......             (no amulet)
HPRegen  0.06/turn              (no ring)
MPRegen  0.09/turn              (no ring)

@: very quick
A: very small, unfitting armour, see invisible, herbivore, speed 3, slow
metabolism 2
a: no special abilities


You were on level 1 of the Dungeon.
You were not hungry.

You visited 1 branch of the dungeon, and saw 2 of its levels.

You collected 62 gold pieces.

Inventory:

Hand Weapons
 a - a +2 dagger (weapon)
 b - a +0 blowgun
Missiles
 e - 8 poisoned needles
 f - 2 curare-tipped needles
Armour
 c - a +0 robe (worn)
 d - a +0 cloak (worn)
Scrolls
 h - a scroll of identify {unknown}
 i - 2 scrolls of remove curse {unknown}
 l - a scroll of teleportation {unknown}
 m - a scroll of immolation {unknown}
Potions
 j - a potion of ambrosia {unknown}
 k - 2 potions of might {unknown}
 n - a potion of flight {unknown}
Comestibles
 g - 2 rations


   Skills:
 + Level 1.7 Fighting
 + Level 2.4 Short Blades
 - Level 2.0 Throwing
 * Level 2.4 Dodging
 + Level 6.9 Stealth


You had 2 spell levels left.
You didn't know any spells.
Your spell library was empty.

Dungeon Overview and Level Annotations

Branches:
Dungeon (2/15)

Altars:

Annotations:
D:1 Jessica


Innate Abilities, Weirdness & Mutations

You are very small and have problems with some larger weapons.
You are too small for most types of armour.
You have supernaturally acute eyesight. (SInv)
You are a herbivore.
You cover ground extremely quickly.
You need to consume almost no food.


Message History

You hit Jessica but do no damage.
Jessica is heavily wounded.
There is a stone staircase leading up here.
Jessica misses you.
You climb upwards.
There is a stone staircase leading down here.
You hit Jessica.
Jessica is heavily wounded.
Jessica hits you.
You barely miss Jessica.
Jessica is heavily wounded.
Jessica gestures wildly while chanting.
Jessica seems to speed up.
You hit Jessica.
Jessica is severely wounded.
Jessica hits you.
* * * LOW HITPOINT WARNING * * *
Jessica points at you and mumbles some strange words.
Pain shoots through your body!
You die...

#####+##...##..#### #..##.#
#.....##...##..# ### #..#..#
#..............###.######.#.##
#........>....................
#........#.###.###....#####.##
#........#.###+#......#####..#
####.....#................##.#
#.....#............###..#..
##'##.#.@.@...#'##.# #..##.
#.##...#######'##+###..###
#.#.......##........#..# #
#.#.......##...........###
###>......##..............
#.......##........#..###
#.......##..............
#.......######...##.....
#.......# #...##.....


You could see Jessica.

Vanquished Creatures
  A worm (D:2)
  2 dart slugs (D:1)
  A leopard gecko (D:1)
  A giant cockroach (D:1)
  5 goblins (D:1)
  2 hobgoblins (D:1)
  7 bats
  A frilled lizard (D:2)
  A kobold (D:1)
  A rat (D:1)
22 creatures vanquished.

Notes
Turn   | Place    | Note
-------+----------+-------------------------------------------
     0 | D:1      | Pyrotika the Spriggan Assassin began the quest for the Orb.
     0 | D:1      | Reached XP level 1. HP: 10/10 MP: 2/2
   100 | D:1      | Reached skill level 6 in Stealth
   155 | D:1      | Reached XP level 2. HP: 4/14 MP: 3/3
   962 | D:2      | Reached XP level 3. HP: 18/18 MP: 4/4
  1000 | D:2      | Noticed Jessica
  1719 | D:1      | Killed from afar by Jessica

Skill      XL: |  1  2 |
---------------+-------+-----
Stealth        | 6 |  6.9
Dodging        | 2 |  2.4
Fighting       | |  1.7
Short Blades   | |  2.4
Throwing       | |  2.0

Action                   || total
-------------------------++-------
Melee: Dagger            ||    93
 Stab: Sleeping          ||     8
Armor: Robe              ||    19
Dodge: Dodged            ||    90
